 Dungeon Crawl Stone Soup version 0.21-a0-110-g8e1637b (webtiles) character file.

93479 nubinia the Earth Mage (level 16, 0/90 HPs)
             Began as a Gargoyle Earth Elementalist on July 5, 2017.
             Was a High Priest of Sif Muna.
             Killed from afar by a deep elf mage (13 damage)
             ... with a bolt of cold
             ... on level 1 of the Elven Halls on July 7, 2017.
             The game lasted 03:48:59 (41549 turns).

nubinia the Earth Mage (GrEE)                      Turns: 41549, Time: 03:49:00

Health: 0/90       AC: 23    Str: 14    XL:     16   Next: 8%
Magic:  11/31      EV: 15    Int: 18    God:    Sif Muna [*****.]
Gold:   2117       SH:  9    Dex: 17    Spells: 5/38 levels left

rFire    + . .     SeeInvis .   c - +4 flail (protect)
rCold    . . .     Gourm    .   H - +0 buckler
rNeg     + . .     Faith    .   I - +0 acid dragon scales
rPois    ∞         Spirit   .   K - +0 helmet
rElec    +         Reflect  +   o - +1 cloak
rCorr    +         Harm     .   y - +0 pair of gloves
MR       +....                  (no boots)
Stlth    +++++.....             r - +4 amulet of reflection
HPRegen  0.25/turn              e - +6 ring of dexterity
MPRegen  0.22/turn              j - ring "Fekuosa" {rPois rF+ Stlth+}

@: flying, divine energy
A: big wings, dopey 1, negative energy resistance 1, sense surroundings 1,
electricity resistance, unbreathing, petrification resistance, rot immunity, AC
+11
a: Stop Flying, Stop Divine Energy, Channel Magic, Forget Spell, Renounce
Religion


You were on level 1 of the Elven Halls.
You worshipped Sif Muna.
Sif Muna was extremely pleased with you.
You were full.

You visited 5 branches of the dungeon, and saw 21 of its levels.
You also visited: Labyrinth, Ossuary and Volcano.

You collected 2341 gold pieces.
You spent 224 gold pieces at shops.

Inventory:

Hand Weapons
 c - a +4 flail of protection (weapon)
 f - the +5 shortbow of the Boar {venom, rN+}
   (You found it on level 11 of the Dungeon)

   It poisons the ammo it fires.
   It protects you from negative energy.
Missiles
 b - 169 stones (quivered)
Armour
 o - a +1 cloak (worn)
 w - a scarf of spirit shield
 y - a +0 pair of gloves (worn)
 H - a +0 buckler (worn)
 I - +0 acid dragon scales (worn)
 K - a +0 helmet (worn)
 M - a +1 scale mail of fire resistance
 W - a +1 troll leather armour
Jewellery
 e - a +6 ring of dexterity (left hand)
 g - an uncursed amulet of the gourmand
 j - the ring "Fekuosa" (right hand) {rPois rF+ Stlth+}
   (You found it in a labyrinth)

   [ring of stealth]

   It protects you from fire.
   It protects you from poison.
   It makes you more stealthy.
 n - an uncursed ring of positive energy
 r - a +4 amulet of reflection (around neck)
 v - an uncursed ring of protection from magic
 z - the ring of the Slug {Str+2 Dex+2 Stlth+}
   (You found it on level 5 of the Lair of Beasts)

   [ring of strength]

   It affects your strength (+2).
   It affects your dexterity (+2).
   It makes you more stealthy.
 A - an uncursed ring of protection from fire
 N - a +3 ring of strength
 V - a +4 ring of intelligence
Wands
 h - a wand of acid (7/15)
 B - a wand of paralysis (24/24)
 E - a wand of lightning (8/15)
 G - a wand of scattershot (4/9)
 L - a wand of acid (0/15)
 Q - a wand of polymorph (12/24)
 Y - a wand of iceblast (6/15)
Scrolls
 i - 7 scrolls of remove curse
 p - 7 scrolls of recharging
 t - a scroll of identify
 u - 8 scrolls of teleportation
 J - 5 scrolls of fog
 O - a scroll of enchant armour
 P - 2 scrolls of blinking
 U - 3 scrolls of amnesia
 Z - 3 scrolls of fear
Potions
 d - a potion of agility
 k - a potion of might {unknown}
 l - 2 potions of berserk rage
 m - 3 potions of magic
 s - 4 potions of brilliance
 x - 9 potions of curing
 C - 3 potions of heal wounds
Books
 a - Lisuc's Reference Book on Displaced Lightness
   (Sif Muna gifted it to you on level 2 of the Orcish Mines)

   Spells                             Type                      Level
   a - Apportation                    Translocation                1
   b - Shroud of Golubria             Charms/Translocation         2
   c - Recall                         Summoning/Translocation      3
   d - Airstrike                      Air                          4
 q - Sif Muna's Catalogue of Entrancing Earth
   (Sif Muna gifted it to you in a volcano)

   Spells                             Type                      Level
   a - Confusing Touch                Hexes                        1
   b - Portal Projectile              Hexes/Translocation          3
   c - Lee's Rapid Deconstruction     Earth                        5
   d - Summon Mana Viper              Hexes/Summoning              5
   e - Iron Shot                      Conjuration/Earth            6
   f - Shatter                        Earth                        9
 R - Sif Muna's Witchery, Part Four
   (Sif Muna gifted it to you on level 5 of the Lair of Beasts)

   Spells                             Type                      Level
   a - Force Lance                    Conjuration/Translocation    4
   b - Throw Icicle                   Conjuration/Ice              4
   c - Fulminant Prism                Conjuration/Hexes            4
   d - Leda's Liquefaction            Hexes/Earth                  4
   e - Ice Form                       Ice/Transmutation            4
   f - Control Undead                 Necromancy                   4
 X - Sif Muna's Disquisition on Fetching Conjuration
   (Sif Muna gifted it to you on level 5 of the Lair of Beasts)

   Spells                             Type                      Level
   a - Dazzling Spray                 Conjuration/Hexes            3
   b - Tukima's Dance                 Hexes                        3
   c - Force Lance                    Conjuration/Translocation    4
   d - Throw Icicle                   Conjuration/Ice              4
   e - Iskenderun's Mystic Blast      Conjuration                  4
Miscellaneous
 D - a fan of gales
 F - a lamp of fire
Comestibles
 T - 3 bread rations


   Skills:
 + Level 6.5 Fighting
 + Level 9.2 Maces & Flails
 + Level 5.2 Armour
 + Level 5.9 Dodging
 + Level 7.7 Stealth
 + Level 2.6 Shields
 + Level 11.9 Spellcasting
 * Level 11.6 Conjurations
 + Level 0.1 Charms
 + Level 3.4 Translocations
 + Level 1.7 Transmutations
 * Level 8.4 Fire Magic
 * Level 16.9 Earth Magic
 + Level 0.5 Evocations


You had 5 spell levels left.
You knew the following spells:

 Your Spells              Type           Power        Failure   Level  Hunger
a - Sandblast             Erth           ######       0%          1    None
b - Stone Arrow           Conj/Erth      ######       1%          3    None
c - Petrify               Tmut/Erth      #####...     2%          4    ##.....
d - Conjure Flame         Conj/Fire      #####...     1%          3    None
e - Sticky Flame          Conj/Fire      #####...     1%          4    ##.....
f - Force Lance           Conj/Tloc      #####...     4%          4    ##.....
g - Shroud of Golubria    Chrm/Tloc      ###.......   8%          2    None
h - Bolt of Magma         Conj/Fire/Erth ######....   1%          5    ####...
l - Lee's Rapid Deconstr  Erth           ######....   1%          5    ####...
p - Passwall              Tmut/Erth      #####.....   1%          2    None


Dungeon Overview and Level Annotations

Branches:
Dungeon (11/15)            Temple (1/1) D:7            Lair (6/6) D:11
 Shoals (0/4) Lair:2       Spider (0/4) Lair:2        Slime (0/5) Lair:6
    Orc (2/2) D:9             Elf (1/3) Orc:2

Altars:
Ashenzari
Fedhas
Gozag
Kikubaaqudgha
Makhleb
Okawaru
Qazlal
Ru
Sif Muna
Trog
Uskayaw
Vehumet
Wu Jian
Xom
Yredelemnul
Zin
The Shining One

Shops:
Orc:2 ?(*}   Elf:1 (

Portals:
Pandemonium: Orc:2


Innate Abilities, Weirdness & Mutations

You are resistant to torment.
Your stone body is resilient. (AC +11)
You are immune to poison.
Your large and strong wings let you fly indefinitely.
You resist negative energy. (rN+)
You are resistant to electric shocks. (rElec)
You can survive without breathing.
You are immune to petrification.
You are immune to rotting.
You are dopey. (Int -2)
You passively map a small area around you.


Message History

Press: ? - help, Shift-Dir - straight line, f - deep elf mage
Aim: a deep elf mage, wielding a rapier (severely wounded)
The bolt of magma misses the deep elf knight.
The bolt of magma misses the deep elf mage.
Unknown command.
The deep elf knight shoots an arrow.
The arrow hits you.
The deep elf knight hits you but does no damage.
The deep elf mage gestures wildly while chanting.
The deep elf mage blinks!
Found 25 gold pieces.
You see here an arrow.
The deep elf knight shoots an arrow.
The arrow hits you but does no damage.
The deep elf knight shoots an arrow.
The arrow hits you but does no damage.
You see here 2 arrows.
The deep elf knight gestures at you while chanting.
The stone arrow hits you!
* * * LOW HITPOINT WARNING * * *
The deep elf mage points at you and mumbles some strange words.
The bolt of cold hits you!
You die...

###.....e....# *,
##.(###....##.# ** *
###....#######
#........# * #.ee.#...#
, * ,
###....e######......#.#
##(e.#...............
#.(.##.##..........#
#.#@$##...>.........
#.#...#.......$....#
#......##...........
###...###..........#
#.................
#..$#####......#..
#...# ######...# #...#
##..## ##..##


You could see 3 deep elf knights and a deep elf mage.

Vanquished Creatures
  Snorg (D:10)
  Josephine (D:11)
  A minotaur (Lab)
  A fire dragon (Lair:6)
  7 hydras
  Erica (D:11)
  A catoblepas (Lair:6)
  The ghost of murphy the Geomancer, a journeyman DEEE of Vehumet (Lair:2)
  Sonja (D:10)
  Urug (D:11)
  7 orc high priests (Orc:2)
  2 soul eaters (Orc:2)
  A hell knight (Volcano)
  A salamander mystic (Volcano)
  2 infernal demonspawn (Orc:2)
  5 orc knights
  4 deep elf magi
  2 lindwurms (Lair:6)
  6 oklob plants
  2 ugly things (D:11)
  5 orc sorcerers (Orc:2)
  19 elephants
  11 black mambas
  5 salamanders (Volcano)
  2 centaur zombies
  Maurice (D:8)
  4 molten gargoyles
  Psyche (D:10)
  Joseph (D:10)
  3 rime drakes
  13 spiny frogs
  A yaktaur (D:11)
  18 komodo dragons
  A hellwing (Orc:1)
  2 red devils (Orc:2)
  10 trolls
  A troll (shapeshifter) (Elf:1)
  3 jumping spiders (Lair:2)
  A polar bear (Lair:6)
  A minotaur skeleton (Lab)
  Grinder (D:6)
  18 blink frogs
  28 dream sheep
  10 hippogriffs
  A spriggan (D:9)
  A vampire (D:9)
  3 wraiths (D:11)
  2 ynoxinuls (Orc:2)
  3 wyverns
  43 yaks
  Grum (D:9)
  6 basilisks
  5 fire bats (Volcano)
  A steam dragon (Lair:6)
  A vampire mosquito (D:11)
  A hungry ghost (D:11)
  Menkaure (D:6)
  2 wargs
  An acid dragon (D:7)
  19 water moccasins
  9 porcupines
  2 hell hounds (Lair:6)
  35 orc warriors
  2 black bears
  2 ice beasts
  2 phantoms
  6 sky beasts
  9 ogres
  8 wolves
  2 centaurs
  14 crocodiles
  A big kobold (D:10)
  23 bullfrogs
  An earth elemental (Lab)
  An elf zombie (Ossuary)
  A gnoll sergeant (D:10)
  4 scorpions
  12 killer bees (D:11)
  8 wights
  9 howler monkeys
  6 crimson imps
  A bullfrog zombie (D:11)
  10 lava snakes
  15 jellies
  2 quasits
  4 hounds
  29 orc priests
  4 centaur skeletons
  A human zombie (Ossuary)
  28 orc wizards
  A bullfrog skeleton (D:10)
  Jessica (D:2)
  Ijyb (D:4)
  3 iguanas
  10 worker ants
  A big kobold zombie (Ossuary)
  2 mummies (Ossuary)
  3 hound skeletons
  A worker ant zombie (D:6)
  7 gnolls
  14 adders
  3 shadow imps
  3 oozes
  An adder zombie (D:7)
  4 adder skeletons
  6 worms
  2 dart slugs
  5 leopard geckos
  96 orcs
  3 ball pythons
  2 giant cockroaches
  7 goblins
  A hobgoblin (D:2)
  17 jackals
  8 quokkas
  6 bats
  3 frilled lizards
  A goblin zombie (Ossuary)
  10 hobgoblin zombies (Ossuary)
  A jackal zombie (Ossuary)
  11 kobolds
  12 kobold zombies (Ossuary)
  A leopard gecko skeleton (D:5)
  A leopard gecko zombie (D:7)
  7 orc zombies (Ossuary)
  A quokka skeleton (D:4)
  6 rats
  3 rat zombies (Ossuary)
  2 plants
817 creatures vanquished.

Vanquished Creatures (others)
  An orc warrior (Orc:2)
  A centaur (D:9)
  An orc (D:5)
  27 fungi
  25 plants
55 creatures vanquished.

Grand Total: 872 creatures vanquished

Notes
Turn   | Place    | Note
-------+----------+-------------------------------------------
     0 | D:1      | nubinia the Gargoyle Earth Elementalist began the quest for the Orb.
     0 | D:1      | Reached XP level 1. HP: 10/10 MP: 3/3
   445 | D:1      | Reached XP level 2. HP: 15/15 MP: 3/5
   471 | D:1      | Learned a level 2 spell: Passwall
   551 | D:1      | Reached skill level 4 in Earth Magic
  1107 | D:1      | Reached XP level 3. HP: 6/19 MP: 4/6
  1351 | D:1      | Learned a level 3 spell: Stone Arrow
  1581 | D:2      | Noticed Jessica
  1611 | D:2      | Killed Jessica
  1611 | D:2      | Reached skill level 1 in Maces & Flails
  1611 | D:2      | Reached XP level 4. HP: 14/24 MP: 0/7
  2326 | D:2      | Found a faded altar of an unknown god.
  2978 | D:3      | Reached XP level 5. HP: 13/28 MP: 4/8
  3687 | D:3      | Reached skill level 1 in Fighting
  4489 | D:4      | Reached XP level 6. HP: 10/34 MP: 0/10
  4925 | D:4      | Found a radiant altar of Vehumet.
  4962 | D:4      | Noticed Ijyb
  4971 | D:4      | Killed Ijyb
  5004 | D:4      | Reached skill level 5 in Earth Magic
  5357 | D:5      | Entered Level 5 of the Dungeon
  5409 | D:5      | Noticed a sky beast
  5416 | D:5      | Killed a sky beast
  5416 | D:5      | Reached XP level 7. HP: 34/38 MP: 6/12
  5435 | D:5      | Found a shimmering altar of Xom.
  6352 | D:6      | Reached skill level 6 in Earth Magic
  6392 | D:6      | Found a sand-covered staircase.
  6416 | Ossuary  | Entered an ossuary
  6428 | Ossuary  | Reached XP level 8. HP: 44/44 MP: 14/14
  6881 | D:6      | Noticed Grinder
  7109 | D:6      | Killed Grinder
  7109 | D:6      | Reached skill level 5 in Spellcasting
  7109 | D:6      | Reached skill level 7 in Earth Magic
  7436 | D:6      | Learned a level 5 spell: Lee's Rapid Deconstruction
  7488 | D:6      | Reached skill level 5 in Maces & Flails
  7527 | D:6      | Noticed Menkaure
  7533 | D:6      | Killed Menkaure
  7533 | D:6      | Reached XP level 9. HP: 44/50 MP: 10/17
  7586 | D:6      | Found an ancient bone altar of Kikubaaqudgha.
  8538 | D:7      | Reached skill level 1 in Conjurations
  8702 | D:7      | Reached skill level 8 in Earth Magic
  8726 | D:7      | Identified the +3 robe of the Zebra {*Drain rCorr Str+4} (You found it on level 7 of the Dungeon)
  8885 | D:7      | Found a staircase to the Ecumenical Temple.
  8894 | Temple   | Entered the Ecumenical Temple
  9004 | Temple   | Became a worshipper of Sif Muna the Loreminder
  9591 | D:8      | Noticed Maurice
  9619 | D:8      | Killed Maurice
  9619 | D:8      | Reached skill level 9 in Earth Magic
  9619 | D:8      | Reached XP level 10. HP: 25/58 MP: 0/20
  9846 | D:8      | Reached * piety under Sif Muna
  9857 | D:8      | Noticed a deep elf mage
  9864 | D:8      | Learned a level 4 spell: Petrify
  9983 | D:8      | Killed a deep elf mage
 10384 | D:9      | Found a deep blue altar of Sif Muna.
 10384 | D:9      | Noticed Grum
 10583 | D:9      | Reached skill level 10 in Earth Magic
 11153 | D:9      | Reached ** piety under Sif Muna
 11172 | D:9      | Found a staircase to the Orcish Mines.
 11184 | D:9      | Killed Grum
 11640 | D:10     | Entered Level 10 of the Dungeon
 11674 | D:10     | Noticed Snorg
 11859 | D:9      | Reached XP level 11. HP: 62/62 MP: 4/22
 11970 | D:9      | Reached skill level 11 in Earth Magic
 12108 | D:9      | Reached skill level 5 in Conjurations
 12620 | D:10     | Killed Snorg
 12620 | D:10     | Reached *** piety under Sif Muna
 12745 | D:10     | Noticed Psyche
 12754 | D:10     | Killed Psyche
 12957 | D:10     | Noticed Joseph
 12959 | D:10     | Noticed Sonja
 13174 | D:9      | Reached skill level 12 in Earth Magic
 13288 | D:10     | Killed Joseph
 14010 | D:10     | Killed Sonja
 14146 | D:10     | Learned a level 3 spell: Conjure Flame
 14851 | D:11     | Found a labyrinth entrance.
 14861 | D:11     | Learned a level 4 spell: Sticky Flame
 14862 | Lab      | Entered a labyrinth
 15188 | Lab      | Reached **** piety under Sif Muna
 15188 | Lab      | Reached skill level 1 in Fire Magic
 16133 | Lab      | Noticed a minotaur
 16141 | Lab      | Killed a minotaur
 16141 | Lab      | Reached skill level 5 in Fighting
 16141 | Lab      | Reached skill level 1 in Armour
 16246 | Lab      | Got a translucent iron ring
 16259 | Lab      | Identified the ring "Fekuosa" {rPois rF+ Stlth+} (You found it in a labyrinth)
 16267 | Lab      | Learned a level 5 spell: Bolt of Magma
 16287 | D:11     | Noticed an oklob plant
 16400 | D:11     | Reached XP level 12. HP: 68/68 MP: 9/25
 16608 | D:11     | Identified the +5 shortbow of the Boar {venom, rN+} (You found it on level 11 of the Dungeon)
 16641 | D:11     | Reached skill level 13 in Earth Magic
 17037 | D:11     | Got a fine scarf
 17043 | D:11     | Noticed Josephine
 17094 | D:11     | Noticed Urug
 17789 | D:11     | Identified the cursed scarf of Light {Slay+2} (You found it on level 11 of the Dungeon)
 17894 | D:11     | Noticed Erica
 17900 | D:11     | Killed Erica
 17900 | D:11     | Reached ***** piety under Sif Muna
 17900 | D:11     | Reached skill level 5 in Dodging
 18175 | D:11     | Found a staircase to the Lair.
 18233 | D:11     | Received a gift from Sif Muna
 18234 | D:11     | Gained mutation: Your body sometimes deteriorates upon taking damage. [potion of mutation]
 18234 | D:11     | Gained mutation: Your flesh is cold resistant. (rC+) [potion of mutation]
 18258 | D:11     | Lost mutation: Your flesh is cold resistant. (rC+) [potion of mutation]
 18258 | D:11     | Lost mutation: Your body sometimes deteriorates upon taking damage. [potion of mutation]
 18258 | D:11     | Gained mutation: You are occasionally teleported next to monsters. [potion of mutation]
 18258 | D:11     | Gained mutation: You are dopey. (Int -2) [potion of mutation]
 18258 | D:11     | Lost mutation: You are occasionally teleported next to monsters. [potion of mutation]
 18258 | D:11     | Gained mutation: You passively map a small area around you. [potion of mutation]
 18562 | D:11     | Killed Josephine
 19205 | D:11     | Killed Urug
 19411 | Lair:1   | Entered Level 1 of the Lair of Beasts
 19868 | Lair:1   | Found a glowing golden altar of the Shining One.
 19882 | Lair:1   | Reached XP level 13. HP: 38/73 MP: 5/26
 20201 | Lair:1   | Reached skill level 5 in Stealth
 20409 | Lair:1   | Reached skill level 10 in Spellcasting
 21159 | Lair:1   | Reached skill level 14 in Earth Magic
 21373 | Lair:2   | Found a dark tunnel.
 21382 | Volcano  | Entered a volcano
 21904 | Volcano  | Found a bloodstained altar of Trog.
 22341 | Volcano  | Identified Sif Muna's Catalogue of Entrancing Earth (Sif Muna gifted it to you in a volcano)
 22341 | Volcano  | Received a gift from Sif Muna
 22595 | Lair:2   | Reached skill level 5 in Fire Magic
 22719 | Lair:2   | Noticed murphy's ghost (journeyman DEEE)
 22733 | Lair:2   | Killed murphy's ghost
 23216 | Lair:2   | Found a staircase to the Shoals.
 23652 | Lair:2   | Found a hole to the Spider Nest.
 24584 | Lair:3   | Reached skill level 1 in Transmutations
 24848 | Lair:3   | Gained mutation: Your large and strong wings let you fly indefinitely. [Gargoyle growth]
 24848 | Lair:3   | Reached XP level 14. HP: 68/79 MP: 5/28
 25166 | Lair:3   | Reached skill level 1 in Shields
 25761 | Lair:4   | Reached skill level 10 in Conjurations
 25826 | Lair:4   | Reached skill level 15 in Earth Magic
 27464 | Lair:5   | Identified Sif Muna's Witchery, Part Four (Sif Muna gifted it to you on level 5 of the Lair of Beasts)
 27464 | Lair:5   | Received a gift from Sif Muna
 27965 | Lair:5   | Learned a level 4 spell: Force Lance
 28145 | Lair:5   | Reached skill level 1 in Translocations
 28628 | Lair:5   | Got a clouded brass ring
 28629 | Lair:5   | Identified the ring of the Slug {Str+2 Dex+2 Stlth+} (You found it on level 5 of the Lair of Beasts)
 29290 | Lair:6   | Entered Level 6 of the Lair of Beasts
 29792 | Lair:6   | Found a large runed door.
 29792 | Lair:6   | Found a large runed door.
 30003 | Lair:6   | Upgraded the game from 0.21-a0-104-g7b58145 to 0.21-a0-110-g8e1637b
 30021 | Lair:6   | Found a staircase to the Slime Pits.
 30079 | Lair:6   | Noticed an acid blob
 30572 | Lair:5   | Identified Sif Muna's Disquisition on Fetching Conjuration (Sif Muna gifted it to you on level 5 of the Lair of Beasts)
 30572 | Lair:5   | Received a gift from Sif Muna
 30877 | Lair:5   | Reached XP level 15. HP: 80/84 MP: 27/30
 32591 | Lair:6   | Reached skill level 16 in Earth Magic
 33493 | Lair:6   | Reached skill level 5 in Armour
 33822 | Orc:1    | Entered Level 1 of the Orcish Mines
 34776 | Orc:2    | Entered Level 2 of the Orcish Mines
 35209 | Orc:2    | Found a staircase to the Elven Halls.
 35904 | Orc:2    | Found Egayxud's General Store.
 36715 | Orc:2    | Found Asing's Magic Scroll Shop.
 38249 | Orc:2    | Identified Lisuc's Reference Book on Displaced Lightness (Sif Muna gifted it to you on level 2 of the Orcish Mines)
 38249 | Orc:2    | Received a gift from Sif Muna
 38354 | Orc:2    | Learned a level 2 spell: Shroud of Golubria
 40784 | Orc:2    | Reached XP level 16. HP: 90/90 MP: 11/31
 41039 | Orc:2    | Found Leastreh's Antique Weapon Shoppe.
 41039 | Orc:2    | Found Dakesihu's Gadget Emporium.
 41039 | Orc:2    | Found a one-way gate leading to the halls of Pandemonium.
 41160 | Orc:2    | Bought an encrusted hunting sling for 156 gold pieces
 41160 | Orc:2    | Identified a scroll of acquirement
 41222 | Orc:2    | Bought a scroll of identify for 34 gold pieces
 41222 | Orc:2    | Bought a scroll of identify for 34 gold pieces
 41222 | Orc:2    | Identified the +3 hunting sling of Mizxij {velocity, *Drain rElec Dex+8} (You bought it in a shop on level 2 of the Orcish Mines)
 41246 | Elf:1    | Entered Level 1 of the Elven Halls
 41535 | Elf:1    | Found Moruup's Weapon Shop.
 41549 | Elf:1    | Killed from afar by a deep elf mage

Vault maps used:
D:1:      dpeg_arrival_rhombi
D:2:      chequers_ecumenical_altar_simple, uniq_jessica
D:3:      serial_co_window_serial, co_window_paths_a,
          co_window_of_opportunity_a, co_window_corner_a, co_window_paths_b,
          co_window_of_opportunity_a, co_window_of_opportunity_a,
          co_window_corner_a, co_window_of_opportunity_c, co_window_paths_c,
          co_window_2corner, co_window_broadway_a, co_window_paths_e,
          glass_columns_a, glass_columns_a, minmay_checkerbox
D:4:      old_standard_altar, first_bread, glass_columns_a, uniq_ijyb
D:5:      serial_glass, glass_columns_a, glass_columns_c, glass_columns_b,
          glass_columns_b, glass_columns_b, glass_columns_a, glass_columns_a,
          glass_columns_b, item_on_display_a, xom_confusion_cloud
D:6:      basic_altar, enter_ossuary_1, kennysheep_big_empty_room,
          serial_park_tiny_1, uniq_grinder, uniq_menkaure
D:7:      cheibrodos_barr_body, temple_statues
D:8:      uniq_maurice
D:9:      orc_0_dummy, basic_altar, the_bakery, uniq_grum
D:10:     special_room, uniq_joseph, uniq_psyche, uniq_snorg, uniq_sonja
D:11:     minmay_cut_squares, dpeg_oklobed_lair, lab_entry_generic,
          uniq_josephine, uniq_urug, uniq_erica
Temple:   kilobyte_greek_temple
Lair:1:   lemuel_oklob_altar, infiniplex_staircase_pool_2
Lair:2:   elwin_shoals_entry_rocks, spider_nest_entry_funnel_web,
          nicolae_volcano_entry_two_sided, guppyfry_lair_drakes
Lair:3:   infiniplex_staircase_pool
Lair:5:   cheibrodos_lair_reptile_den, minmay_lair_oklob_chamber
Lair:6:   cheibrodos_lair_end_hotspot, minmay_slime_entry_jelly_boxes,
          st_stairs_13
Orc:2:    pf_orc_diabolical, portal_ice_cave_rime
Elf:1:    serial_shops, nicolae_shop_stone, evilmike_minifort
Lab:      labyrinth_skeletal_remains, nicolae_lab_grate_2,
          nicolae_lab_checkerboard, lab_hedge, nicolae_lab_starburst
Ossuary:  ossuary_tomb_1
Volcano:  volcano_grotto

Skill      XL: |  1  2  3  4  5  6  7  8  9 10 11 12 13 14 15 |
---------------+----------------------------------------------+-----
Earth Magic    | 4 5 6 7 9 10 12 13 14 15 16 | 16.9
Dodging        | 2 3 4 5 |  5.9
Maces & Flails | 1 2 3 5 6 7 8 9 |  9.2
Fighting       | 1 3 4 5 6 |  6.5
Spellcasting   | 3 4 5 6 7 9 10 11 | 11.9
Stealth        | 3 4 6 7 |  7.7
Conjurations   | 2 4 6 8 9 10 11 | 11.6
Fire Magic     | 1 4 5 7 8 |  8.4
Armour         | 1 3 4 5 |  5.2
Transmutations | 1 |  1.7
Shields        | 1 2 |  2.6
Translocations | 2 3 |  3.4
Charms         | |  0.1
Evocations     | |  0.5

Action                   |  1- 3 |  4- 6 |  7- 9 | 10-12 | 13-15 | 16-18 || total
-------------------------+-------+-------+-------+-------+-------+-------++-------
Melee: Unarmed           |    23 |       |       |       |       |       ||    23
       Whip              |    63 |    32 |       |       |       |       ||    95
       Club              |    14 |       |       |       |       |       ||    14
       Mace              |       |   221 |   320 |    38 |       |       ||   579
       Flail             |       |       |       |   256 |  1282 |    18 ||  1556
 Cast: Sandblast         |    24 |    44 |   103 |   108 |   162 |     1 ||   442
       Stone Arrow       |       |     9 |    40 |   221 |   295 |    10 ||   575
       Lee's Rapid Decon |       |       |     6 |    35 |   109 |     7 ||   157
       Passwall          |       |       |       |     3 |     6 |       ||     9
       Petrify           |       |       |       |     3 |    81 |     2 ||    86
       Conjure Flame     |       |       |       |     1 |     3 |       ||     4
       Bolt of Magma     |       |       |       |     1 |    46 |     2 ||    49
       Force Lance       |       |       |       |       |    51 |     6 ||    57
       Sticky Flame      |       |       |       |       |     8 |     2 ||    10
       Shroud of Golubri |       |       |       |       |     1 |       ||     1
Invok: Divine Energy     |       |       |       |     1 |       |       ||     1
 Abil: Fly               |       |       |       |       |     1 |       ||     1
Evoke: Wand              |       |       |       |     6 |    10 |       ||    16
       Fan of gales      |       |       |       |       |     1 |       ||     1
       Lamp of fire      |       |       |       |       |     1 |       ||     1
  Use: Scroll            |     1 |     1 |    11 |    15 |    12 |     2 ||    42
       Potion            |       |     2 |     2 |     3 |     2 |       ||     9
 Stab: Sleeping          |     1 |     3 |     2 |     3 |    11 |     1 ||    21
       Petrified         |       |       |       |    15 |   184 |       ||   199
       Petrifying        |       |       |       |     1 |    11 |       ||    12
       Distracted        |       |       |       |     1 |       |       ||     1
  Eat: Chunk             |     3 |    10 |    12 |    53 |   196 |    10 ||   284
       Royal jelly       |       |     1 |       |       |       |       ||     1
       Meat ration       |       |       |     1 |     1 |       |       ||     2
       Fruit             |       |       |     1 |     5 |       |       ||     6
Armor: Robe              |    34 |    98 |   121 |    66 |       |       ||   319
       Troll leather arm |       |       |       |     7 |       |       ||     7
       Acid dragon scale |       |       |       |    90 |   463 |    12 ||   565
       Scale mail        |       |       |       |       |   233 |       ||   233
Dodge: Dodged            |    82 |   206 |   223 |   236 |   818 |    11 ||  1576
Block: Other             |       |       |    51 |    55 |     4 |       ||   110
       Reflection        |       |       |     1 |     5 |    12 |     3 ||    21
       Buckler           |       |       |       |       |   472 |     4 ||   476
